| TOP OF THE 1ST |
|
Kelowna Heat batting - Pitching for Roswell Invaders : RHP Joe Mulholland
|
|
Pitching: RHP Joe Mulholland
|
|
|
Batting: RHB Adrian Franz
|
0-0: Fly out, F7 (Flyball, 7LM, EV 90.6 MPH)
|
|
Batting: RHB Sean Gilbert
|
0-0: Called Strike 0-1: Ball 1-1: Swinging Strike 1-2: Foul Ball, location: 2F 1-2: Foul Ball, location: 2F 1-2: Ball 2-2: Strikes out swinging
|
|
Batting: RHB Mike Storey
|
0-0: Ball 1-0: Ball 2-0: Ball 3-0: Base on Balls
|
|
Batting: LHB Dennis Jones
|
0-0: Called Strike 0-1: Ball 1-1: Foul Ball, location: 2F 1-2: Strikes out swinging
|
| Top of the 1st over - 0 runs, 0 hits, 0 errors, 1 left on base; Kelowna 0 - Roswell 0 |
| BOTTOM OF THE 1ST |
|
Roswell Invaders batting - Pitching for Kelowna Heat : RHP Corey Foster
|
|
Pitching: RHP Corey Foster
|
|
|
Batting: LHB Jalen Williams
|
0-0: Ball 1-0: Ball 2-0: Foul Ball, location: 2F 2-1: Foul Ball, location: 2F 2-2: Ball 3-2: SINGLE (Groundball, 56S, EV 70.0 MPH) (infield hit)
|
|
Batting: RHB Carlos Gonzalez
|
0-0: Ball 1-0: Called Strike 1-1: Foul Ball, location: 2F 1-2: Strikes out swinging
|
|
Batting: LHB Ivan Cortez
|
0-0: Ball 1-0: Foul Ball, location: 2F 1-1: Grounds into double play, 4-6-3 (Groundball, 4, EV 86.2 MPH)
|
| Bottom of the 1st over - 0 runs, 1 hit, 0 errors, 0 left on base; Kelowna 0 - Roswell 0 |
| TOP OF THE 2ND |
|
Kelowna Heat batting - Pitching for Roswell Invaders : RHP Joe Mulholland
|
|
Batting: RHB Brian Whitley
|
0-0: Foul Ball, location: 2F 0-1: Ball 1-1: Ball 2-1: SINGLE (Groundball, 6D, EV 96.2 MPH)
|
|
Batting: RHB Josh Henderson
|
0-0: Sac Bunt to 5S - play at first, batter OUT! 5-3 Brian Whitley to second
|
|
Batting: RHB Matt Wallace
|
0-0: Called Strike 0-1: Called Strike 0-2: Ball 1-2: Strikes out swinging
|
|
Batting: RHB Jonathan Hemsley
|
0-0: Called Strike 0-1: Foul Ball, location: 2F 0-2: Strikes out swinging
|
| Top of the 2nd over - 0 runs, 1 hit, 0 errors, 1 left on base; Kelowna 0 - Roswell 0 |
| BOTTOM OF THE 2ND |
|
Roswell Invaders batting - Pitching for Kelowna Heat : RHP Corey Foster
|
|
Batting: LHB Angelo Lira
|
0-0: Called Strike 0-1: DOUBLE (Flyball, 9LD, EV 98.1 MPH)
|
|
Batting: LHB Julio Zamora
|
0-0: Ball 1-0: Ball 2-0: Fly out, F9 (Line Drive, 9, EV 90.6 MPH)
|
|
Batting: RHB Jason Hanson
|
0-0: Ball 1-0: Ball 2-0: Ball 3-0: Base on Balls
|
|
Batting: LHB Adam Spence
|
0-0: Called Strike 0-1: Called Strike 0-2: Strikes out swinging
|
|
Batting: RHB Shinichi Miyamoto
|
0-0: Called Strike 0-1: Ball 1-1: DOUBLE (Flyball, 89D, EV 93.8 MPH) Angelo Lira scores Jason Hanson to third Runner from 3rd tries for Home, SAFE, throw by CF to trailing runner, SAFE at third!
|
|
Batting: SHB Sandy Burke
|
0-0: Called Strike 0-1: Ball 1-1: Ball 2-1: Swinging Strike 2-2: Strikes out swinging
|
| Bottom of the 2nd over - 2 runs, 2 hits, 0 errors, 1 left on base; Kelowna 0 - Roswell 2 |
| TOP OF THE 3RD |
|
Kelowna Heat batting - Pitching for Roswell Invaders : RHP Joe Mulholland
|
|
Batting: RHB Pablo Mejia
|
0-0: Called Strike 0-1: Called Strike 0-2: Ball 1-2: Strikes out swinging
|
|
Batting: RHB Adrian Franz
|
0-0: Ball 1-0: Ball 2-0: Ball 3-0: Base on Balls
|
|
Batting: RHB Sean Gilbert
|
0-0: Swinging Strike 0-1: Called Strike Adrian Franz is caught stealing 2nd base 2-4 0-2: Strikes out swinging
|
| Top of the 3rd over - 0 runs, 0 hits, 0 errors, 0 left on base; Kelowna 0 - Roswell 2 |
| BOTTOM OF THE 3RD |
|
Roswell Invaders batting - Pitching for Kelowna Heat : RHP Corey Foster
|
|
Batting: LHB Jalen Williams
|
0-0: Foul Ball, location: 2F 0-1: Ball 1-1: Ball 2-1: Swinging Strike 2-2: Strikes out looking
|
|
Batting: RHB Carlos Gonzalez
|
0-0: Called Strike 0-1: Called Strike 0-2: Ball 1-2: Fly out, F9 (Flyball, 9, EV 89.4 MPH)
|
|
Batting: LHB Ivan Cortez
|
0-0: Called Strike 0-1: Ball 1-1: Swinging Strike 1-2: Ball 2-2: Fly out, F8 (Flyball, 78D, EV 99.4 MPH)
|
| Bottom of the 3rd over - 0 runs, 0 hits, 0 errors, 0 left on base; Kelowna 0 - Roswell 2 |
| TOP OF THE 4TH |
|
Kelowna Heat batting - Pitching for Roswell Invaders : RHP Joe Mulholland
|
|
Batting: RHB Mike Storey
|
0-0: Swinging Strike 0-1: Ball 1-1: Ball 2-1: Foul Ball, location: 2F 2-2: Foul Ball, location: 2F 2-2: Strikes out looking
|
|
Batting: LHB Dennis Jones
|
0-0: Ground out 5-3 (Groundball, 56, EV 103.1 MPH)
|
|
Batting: RHB Brian Whitley
|
0-0: Ground out 4-3 (Groundball, 4, EV 84.4 MPH)
|
| Top of the 4th over - 0 runs, 0 hits, 0 errors, 0 left on base; Kelowna 0 - Roswell 2 |
| BOTTOM OF THE 4TH |
|
Roswell Invaders batting - Pitching for Kelowna Heat : RHP Corey Foster
|
|
Batting: LHB Angelo Lira
|
0-0: Called Strike 0-1: Foul Ball, location: 2F 0-2: Fly out, F8 (Line Drive, 8RM, EV 95.6 MPH)
|
|
Batting: LHB Julio Zamora
|
0-0: Ball 1-0: Ground out 4-3 (Groundball, 4, EV 78.1 MPH)
|
|
Batting: RHB Jason Hanson
|
0-0: Ball 1-0: SINGLE (Flyball, 89S, EV 90.6 MPH)
|
|
Batting: LHB Adam Spence
|
0-0: Called Strike 0-1: Swinging Strike 0-2: Foul Ball, location: 2F 0-2: Ball 1-2: Fly out, F5 (Line Drive, 6, EV 64.4 MPH)
|
| Bottom of the 4th over - 0 runs, 1 hit, 0 errors, 1 left on base; Kelowna 0 - Roswell 2 |
| TOP OF THE 5TH |
|
Kelowna Heat batting - Pitching for Roswell Invaders : RHP Joe Mulholland
|
|
Batting: RHB Josh Henderson
|
0-0: Fly out, F1 (Line Drive, P, EV 69.4 MPH)
|
|
Batting: RHB Matt Wallace
|
0-0: Ball 1-0: Ball 2-0: Called Strike 2-1: Ball 3-1: Foul Ball, location: 2F 3-2: Base on Balls
|
|
Batting: RHB Jonathan Hemsley
|
0-0: Called Strike 0-1: Ball 1-1: Foul Ball, location: 2F 1-2: Ball 2-2: Strikes out swinging
|
|
Batting: RHB Pablo Mejia
|
0-0: Called Strike 0-1: Swinging Strike 0-2: Strikes out looking
|
| Top of the 5th over - 0 runs, 0 hits, 0 errors, 1 left on base; Kelowna 0 - Roswell 2 |
| BOTTOM OF THE 5TH |
|
Roswell Invaders batting - Pitching for Kelowna Heat : RHP Corey Foster
|
|
Batting: RHB Shinichi Miyamoto
|
0-0: Called Strike 0-1: Ball 1-1: Ball 2-1: Ball 3-1: Fly out, F8 (Flyball, 8RM, EV 86.9 MPH)
|
|
Batting: SHB Sandy Burke
|
0-0: Called Strike 0-1: Fly out, F7 (Flyball, 7LD, EV 86.2 MPH)
|
|
Batting: LHB Jalen Williams
|
0-0: Ball 1-0: Foul Ball, location: 2F 1-1: Ball 2-1: Ball 3-1: Called Strike 3-2: SINGLE (Flyball, 7S, EV 99.4 MPH)
|
|
Batting: RHB Carlos Gonzalez
|
0-0: Called Strike 0-1: Ball 1-1: Ball 2-1: Ball 3-1: Fly out, F8 (Flyball, 8RD, EV 100.6 MPH)
|
| Bottom of the 5th over - 0 runs, 1 hit, 0 errors, 1 left on base; Kelowna 0 - Roswell 2 |
| TOP OF THE 6TH |
|
Kelowna Heat batting - Pitching for Roswell Invaders : RHP Joe Mulholland
|
|
Batting: RHB Adrian Franz
|
0-0: Called Strike 0-1: Ball 1-1: Called Strike 1-2: Strikes out swinging
|
|
Batting: RHB Sean Gilbert
|
0-0: Foul Ball, location: 2F 0-1: SINGLE (Groundball, P, EV 85.0 MPH) (infield hit)
|
|
Batting: RHB Mike Storey
|
0-0: Ball Sean Gilbert steals 2nd base (no throw) 1-0: Ball 2-0: Ground out 6-3 (Groundball, 6, EV 88.8 MPH) Sean Gilbert to third
|
|
Batting: LHB Dennis Jones
|
0-0: Foul Ball, location: 2F 0-1: Swinging Strike 0-2: Fly out, F9 (Line Drive, 9LM, EV 94.4 MPH)
|
| Top of the 6th over - 0 runs, 1 hit, 0 errors, 1 left on base; Kelowna 0 - Roswell 2 |
| BOTTOM OF THE 6TH |
|
Roswell Invaders batting - Pitching for Kelowna Heat : RHP Corey Foster
|
|
Batting: LHB Ivan Cortez
|
0-0: Ground out 4-3 (Groundball, 4, EV 86.9 MPH)
|
|
Batting: LHB Angelo Lira
|
0-0: Ball 1-0: Ball 2-0: Called Strike 2-1: Ball 3-1: Ground out 1-3 (Groundball, 13S, EV 64.4 MPH)
|
|
Batting: LHB Julio Zamora
|
0-0: Called Strike 0-1: Ball 1-1: Ball 2-1: Ball 3-1: Base on Balls
|
|
Batting: RHB Jason Hanson
|
0-0: Swinging Strike 0-1: Foul Ball, location: 2F 0-2: Foul Ball, location: 2F 0-2: Foul Ball, location: 2F 0-2: Ball 1-2: Strikes out swinging
|
| Bottom of the 6th over - 0 runs, 0 hits, 0 errors, 1 left on base; Kelowna 0 - Roswell 2 |
| TOP OF THE 7TH |
|
Kelowna Heat batting - Pitching for Roswell Invaders : RHP Joe Mulholland
|
|
Batting: RHB Brian Whitley
|
0-0: Ball 1-0: Swinging Strike 1-1: Ball 2-1: SINGLE (Groundball, 6MD, EV 101.9 MPH)
|
|
Batting: RHB Josh Henderson
|
0-0: Ball 1-0: Bunted foul 1-1: Bunt missed! 1-2: Bunt - Flyout to P! F1
|
|
Batting: RHB Matt Wallace
|
0-0: Ball 1-0: Foul Ball, location: 2F 1-1: Foul Ball, location: 2F 1-2: Strikes out swinging
|
|
Batting: RHB Jonathan Hemsley
|
0-0: Called Strike 0-1: Called Strike 0-2: Foul Ball, location: 2F 0-2: Foul Ball, location: 2F 0-2: Strikes out looking
|
| Top of the 7th over - 0 runs, 1 hit, 0 errors, 1 left on base; Kelowna 0 - Roswell 2 |
| BOTTOM OF THE 7TH |
|
Roswell Invaders batting - Pitching for Kelowna Heat : RHP Corey Foster
|
|
Batting: LHB Adam Spence
|
0-0: Ball 1-0: Fly out, F9 (Flyball, 9S, EV 89.4 MPH)
|
|
Batting: RHB Shinichi Miyamoto
|
0-0: Called Strike 0-1: Foul Ball, location: 2F 0-2: Fly out, F8 (Flyball, 78M, EV 91.9 MPH)
|
|
Batting: SHB Sandy Burke
|
0-0: Foul Ball, location: 2F 0-1: Swinging Strike 0-2: Strikes out swinging
|
| Bottom of the 7th over - 0 runs, 0 hits, 0 errors, 0 left on base; Kelowna 0 - Roswell 2 |
| TOP OF THE 8TH |
|
Kelowna Heat batting - Pitching for Roswell Invaders : RHP Joe Mulholland
|
|
Batting: RHB Pablo Mejia
|
0-0: Called Strike 0-1: Foul Ball, location: 2F 0-2: Ball 1-2: Strikes out looking
|
|
Batting: RHB Adrian Franz
|
0-0: Foul Ball, location: 2F 0-1: Foul Ball, location: 2F 0-2: Ball 1-2: Strikes out swinging
|
|
Batting: RHB Sean Gilbert
|
0-0: Called Strike 0-1: Ball 1-1: Called Strike 1-2: Foul Ball, location: 2F 1-2: Strikes out looking
|
| Top of the 8th over - 0 runs, 0 hits, 0 errors, 0 left on base; Kelowna 0 - Roswell 2 |
| BOTTOM OF THE 8TH |
|
Roswell Invaders batting - Pitching for Kelowna Heat : RHP Corey Foster
|
|
Batting: LHB Jalen Williams
|
0-0: Ball 1-0: Fly out, F7 (Flyball, 7LSF, EV 90.6 MPH)
|
|
Batting: RHB Carlos Gonzalez
|
0-0: Ground out 1-3 (Groundball, 13S, EV 65.6 MPH)
|
|
Batting: LHB Ivan Cortez
|
0-0: Called Strike 0-1: Foul Ball, location: 2F 0-2: Ball 1-2: Foul Ball, location: 2F 1-2: Foul Ball, location: 2F 1-2: Ball 2-2: Foul Ball, location: 2F 2-2: Ground out U3 (Groundball, 3, EV 105.0 MPH)
|
| Bottom of the 8th over - 0 runs, 0 hits, 0 errors, 0 left on base; Kelowna 0 - Roswell 2 |
| TOP OF THE 9TH |
|
Kelowna Heat batting - Pitching for Roswell Invaders : RHP Joe Mulholland
|
|
Pitching: LHP Sam Davis
|
|
|
Now at C: Shing Mah
|
|
|
Now at 3B: Benjie Alejandro
|
|
|
Batting: RHB Mike Storey
|
0-0: Ball 1-0: Foul Ball, location: 2F 1-1: Ball 2-1: Ball 3-1: Base on Balls
|
|
Batting: LHB Dennis Jones
|
0-0: Called Strike 0-1: Foul Ball, location: 2F 0-2: Ball 1-2: Strikes out swinging
|
|
Batting: RHB Brian Whitley
|
0-0: Called Strike 0-1: Ball 1-1: Foul Ball, location: 2F 1-2: Foul Ball, location: 2F 1-2: Ball 2-2: Strikes out looking
|
|
Batting: RHB Josh Henderson
|
0-0: Ball 1-0: Foul Ball, location: 2F 1-1: Called Strike 1-2: Strikes out swinging
|
| Top of the 9th over - 0 runs, 0 hits, 0 errors, 1 left on base; Kelowna 0 - Roswell 2 |
|